 Dungeon Crawl Stone Soup version 0.31-a0-182-gc5ef74bbde (webtiles) character file.

Game seed: 14361831789666238448

65 qw the Chopper (level 4, -2/28 HPs)
             Began as a Gargoyle Fighter on June 21, 2023.
             Slain by a gnoll bouda
             ... wielding a +0 club
              (4 damage)
             ... on level 4 of the Dungeon.
             The game lasted 00:00:34 (1171 turns).

qw the Chopper (Gargoyle Fighter)                   Turns: 1171, Time: 00:00:35

Health: -2/28      AC: 11    Str: 21    XL:     4   Next: 14%
Magic:  4/4        EV:  9    Int:  9    God:
Gold:   26         SH:  4    Dex:  9    Spells: 3/3 levels left

rFire   . . .        Y - +1 war axe
rCold   . . .        c - +0 buckler
rNeg    + . .        b - +0 scale mail
rPois   inf          i - +0 helmet
rElec   +            (no cloak)
rCorr   .            (no gloves)
SInv    .            (no boots)
Will    .....        (no amulet) Stlth
                     (no ring)
HPRegen 0.24/turn    (no ring)
MPRegen 0.09/turn

%: no passive effects
@: no status effects
A: sickness immunity, AC +3, negative energy resistance 1, electricity
resistance, torment resistance 1, petrification resistance
a: no special abilities


You were on level 4 of the Dungeon.
You visited 1 branch of the dungeon, and saw 3 of its levels.

You collected 26 gold pieces.


Innate Abilities, Weirdness & Mutations

You are immune to sickness and miasma.
Your stone body is resilient. (AC +3)
You are immune to poison.
You resist negative energy. (rN+)
You are resistant to electric shocks. (rElec)
You are resistant to unholy torment.
You are immune to petrification.


   Skills:
 - Level 3.2 Fighting
 + Level 3.9 Axes
 - Level 3.2 Armour
 - Level 3.2 Shields


You had 3 spell levels left.
You didn't know any spells.
Your spell library was empty.

Inventory:

Hand Weapons
 e - a +0 flail
 Y - a +1 war axe (weapon)
Armour
 b - a +0 scale mail (worn)
 c - a +0 buckler (worn)
 i - a +0 helmet (worn)
Potions
 d - a potion of might
 g - a potion of attraction {unknown}

Dungeon Overview and Level Annotations

Branches:
Dungeon (2/15)

Altars:


Message History

The shaft crumbles and collapses.
You hear the sound of rushing water.
There is an entrance to a sewer on this level.
Hurry and find it before the portal rusts away!
Found a short sword.
Waypoint 2 assigned to D:4.
1161 ||| PLANNING SEWER A gnoll comes into view.
It is wielding a +0 spear.
A gnoll comes into view. It is wielding a +0 club.
A gnoll bouda and 3 gnolls come into view.
A gnoll is wielding a +1 whip of venom.
Found 19 gold pieces.
The gnoll bouda shouts!
The gnoll shouts! x3
The gnoll bouda barks out a call to the hunt!
The gnolls pick up the pace!
The gnoll hits you with a +0 spear!
The gnoll moves out of view.
You slash the gnoll!
You kill the gnoll!
The gnoll hits you but does no damage. The gnoll hits you with a +0 club.
Things that are here:
a +0 spear; a gnoll corpse You slash the gnoll!
The gnoll is heavily wounded.
The gnoll completely misses you. The gnoll hits you with a +0 club.
The gnoll completely misses you.
You slash the gnoll!
You kill the gnoll!
You slash the gnoll!
The gnoll hits you from afar with a +0 spear.
The gnoll hits you with a +1 whip of venom.
You block the gnoll's attack.
You have reached level 4!
You feel clever.
You hit the gnoll.
The gnoll is heavily wounded.
The gnoll barely misses you. x2; The gnoll hits you but does no damage. x2
You closely miss the gnoll.
The gnoll is heavily wounded.
You hit the gnoll bouda.
The gnoll hits you with a +1 whip of venom.
The gnoll bouda hits you with a +0 club.
You die...

#. #.. .....
#..#######.....
#$............
#...... .....
#.....g ...#
#....gg##..#
......g@...#
######.#...# #
#.#...# [###
#.#...###.....
#.#........##
#.#........)..
#.###.########
#. #.# #.#


You could see a gnoll bouda and 3 gnolls.

Vanquished Creatures
  3 gnolls
  4 bats (D:1)
  5 endoplasms (D:1)
  3 giant cockroaches (D:1)
  5 goblins (D:1)
  2 hobgoblins (D:1)
  3 jackals (D:1)
  A quokka (D:1)
  A ball python (D:1)
  3 frilled lizards (D:1)
  A kobold (D:1)
  3 rats (D:1)
34 creatures vanquished.

Notes
Turn   | Place    | Note
-------+----------+-------------------------------------------
     0 | D:1      | qw the Gargoyle Fighter began the quest for the Orb.
     0 | D:1      | Reached XP level 1. HP: 14/14 MP: 1/1
     0 | D:1      | 0 ||| qw: Version: 0.3-a-9-g12657ce
     0 | D:1      | 0 ||| qw: Game counter: 1570
     0 | D:1      | 0 ||| qw: Always use a shield: true
     0 | D:1      | 0 ||| qw: God list: Okawaru
     0 | D:1      | 0 ||| qw: Allow faded altars: false
     0 | D:1      | 0 ||| qw: Do Orc after D:15 true
     0 | D:1      | 0 ||| qw: Do second Lair branch before Depths: true
     0 | D:1      | 0 ||| qw: Lair rune preference: random
     0 | D:1      | 0 ||| qw: Plans: Normal, Zot:1-4, Slime:5, God:TSO, Crypt,
                  | Tomb, Abyss, Pan, Hells, Win
     0 | D:1      | 0 ||| PLANNING D:1-11
   235 | D:1      | Reached XP level 2. HP: 19/19 MP: 2/2
   361 | D:1      | 361 ||| Stepping ~*~*~tactically~*~*~ (stealth).
   402 | D:1      | Reached skill level 3 in Axes
   480 | D:1      | Reached XP level 3. HP: 23/23 MP: 3/3
   515 | D:1      | 515 ||| Stepping ~*~*~tactically~*~*~ (stealth).
  1117 | D:1      | 1117 ||| UPGRADING to +0 helmet.
  1122 | D:1      | 1122 ||| READING scroll labelled DYIDGH HOST.
  1123 | D:1      | 1123 ||| READING scroll labelled ROCSUN HEUZYTA.
  1124 | D:1      | 1124 ||| READING scroll labelled HAUQOPAUT.
  1125 | D:1      | 1125 ||| READING scroll labelled LAKOCAE CICU.
  1155 | D:2      | You fall into a shaft and drop 2 floors!
  1161 | D:4      | 1161 ||| PLANNING SEWER
  1170 | D:4      | Reached XP level 4. HP: 8/28 MP: 4/4
  1171 | D:4      | HP: 2/28 [gnoll/+1 whip of venom[a gnoll bouda] (6)]
  1171 | D:4      | Slain by a gnoll bouda

Levels and vault maps discovered:
D:1:      lightli_arrival_statue_moat, layout_basic
D:2:      layout_basic, patterned_corridor, uniq_robin
D:4:      layout_basic, gup_sewer_entry_spiral

Skill      XL: |  1  2 |
---------------+-------+-----
Axes           | 2 3 |  3.9
Fighting       | |  3.2
Armour         | |  3.2
Shields        | |  3.2

Action                     |  1- 3 |  4- 6 || total
---------------------------+-------+-------++-------
  Melee: War axe           |    89 |     2 ||    91
    Use: Scroll            |     4 |       ||     4
 Armour: Scale mail        |    38 |     2 ||    40
  Dodge: Dodged            |    37 |     2 ||    39
  Block: Buckler           |    18 |       ||    18

Table legend:
 A = Non-vault XP
 B = Vault XP
 C = Vault XP percentage of total XP
 D = Non-vault monster count
 E = Vault monster count
 F = Vault count percentage of total count
                 A         B        C        D         E       F
            +---------+---------+-------+---------+---------+-------
      Total |      94 |       0 |   0.0 |      34 |       0 |   0.0
            +---------+---------+-------+---------+---------+-------
        D:1 |      66 |       0 |   0.0 |      32 |       0 |   0.0
        D:4 |      28 |       0 |   0.0 |       2 |       0 |   0.0
            +---------+---------+-------+---------+---------+-------
